TOP OF THE 1ST |
Los Angeles Dodgers batting - Pitching for San Diego Padres : LHP Matt Wheeler
|
Pitching: LHP Matt Wheeler
|
|
Batting: SHB Shane Marcum
|
0-0: Ball 1-0: Swinging Strike 1-1: Foul Ball, location: 2F 1-2: Strikes out swinging
|
Batting: SHB Joel Baker
|
0-0: Swinging Strike 0-1: Called Strike 0-2: Strikes out looking
|
Batting: RHB Danny Dyer
|
0-0: Ball 1-0: Called Strike 1-1: Foul Ball, location: 2F 1-2: Strikes out looking
|
Top of the 1st over - 0 runs, 0 hits, 0 errors, 0 left on base; Los Angeles 0 - San Diego 0 |
BOTTOM OF THE 1ST |
San Diego Padres batting - Pitching for Los Angeles Dodgers : RHP Michael Walsh
|
Pitching: RHP Michael Walsh
|
|
Batting: SHB Phil Zacharia
|
0-0: Foul Ball, location: 2F 0-1: SOLO HOME RUN (Flyball, 7D, EV 96.2 MPH), Distance : 362 ft
|
Batting: LHB Ryan Flynn Jr.
|
0-0: Ball 1-0: Ball 2-0: Ball 3-0: Base on Balls
|
Batting: RHB Sébastien Piat
|
0-0: Ball 1-0: Called Strike 1-1: Foul Ball, location: 2F 1-2: Foul Ball, location: 2F 1-2: Ball 2-2: Ball 3-2: Base on Balls Ryan Flynn Jr. to second
|
Batting: LHB Mike Holt
|
0-0: Ball 1-0: Swinging Strike 1-1: Ball 2-1: Ball 3-1: DOUBLE (Line Drive, 7LS, EV 100.6 MPH) Ryan Flynn Jr. scores Sébastien Piat to third
|
Batting: RHB Jorge Severiano
|
0-0: Called Strike 0-1: Called Strike 0-2: Ball 1-2: Foul Ball, location: 2F 1-2: Ball 2-2: Ball 3-2: Base on Balls
|
Batting: RHB Manny Vergara
|
0-0: Called Strike 0-1: Ball 1-1: Ball 2-1: Foul Ball, location: 2F 2-2: Ball 3-2: Strikes out swinging
|
Batting: RHB Dietmar Warmisch
|
0-0: Called Strike 0-1: Ball 1-1: GRAND SLAM HOME RUN (Flyball, 78XD, EV 101.2 MPH), Distance : 414 ft
|
Batting: LHB Aaron LeBlanc
|
0-0: Ball 1-0: Called Strike 1-1: Swinging Strike 1-2: Strikes out swinging
|
Batting: RHB Chiel Palstermans
|
0-0: Ball 1-0: Called Strike 1-1: SINGLE (Flyball, 8LS, EV 91.9 MPH)
|
Pitching: RHP Nate Allen
|
|
Batting: SHB Phil Zacharia
|
0-0: Ball 1-0: Ball 2-0: SINGLE (Line Drive, 8RS, EV 93.8 MPH) Chiel Palstermans to second Runner from 2nd tries for 3rd, OUT! 8-5
|
Bottom of the 1st over - 6 runs, 5 hits, 0 errors, 1 left on base; Los Angeles 0 - San Diego 6 |
TOP OF THE 2ND |
Los Angeles Dodgers batting - Pitching for San Diego Padres : LHP Matt Wheeler
|
Batting: RHB Adriaan Boessenkool
|
0-0: Called Strike 0-1: Foul Ball, location: 2F 0-2: Ball 1-2: Strikes out swinging
|
Batting: RHB Ben Mischnick
|
0-0: Called Strike 0-1: Ground out 4-3 (Groundball, 4, EV 83.8 MPH)
|
Batting: LHB R.J. O'Brien
|
0-0: Ball 1-0: Foul Ball, location: 2F 1-1: Ball 2-1: Called Strike 2-2: Foul Ball, location: 2F 2-2: Foul Ball, location: 2F 2-2: Ground out 4-3 (Groundball, 4, EV 91.9 MPH)
|
Top of the 2nd over - 0 runs, 0 hits, 0 errors, 0 left on base; Los Angeles 0 - San Diego 6 |
BOTTOM OF THE 2ND |
San Diego Padres batting - Pitching for Los Angeles Dodgers : RHP Nate Allen
|
Batting: LHB Ryan Flynn Jr.
|
0-0: Ball 1-0: Ball 2-0: Swinging Strike 2-1: Ball 3-1: Base on Balls
|
Batting: RHB Sébastien Piat
|
0-0: Ball 1-0: Foul Ball, location: 2F 1-1: Foul Ball, location: 2F 1-2: Strikes out looking
|
Batting: LHB Mike Holt
|
0-0: Swinging Strike 0-1: Ball 1-1: Foul Ball, location: 2F 1-2: Ball 2-2: Fly out, F5 (Popup, 5DF, EV 66.2 MPH)
|
Batting: RHB Jorge Severiano
|
0-0: Ball 1-0: Swinging Strike 1-1: Swinging Strike 1-2: Ball 2-2: Ball 3-2: Foul Ball, location: 2F 3-2: Base on Balls Ryan Flynn Jr. to second
|
Batting: RHB Manny Vergara
|
0-0: Swinging Strike 0-1: Ball 1-1: Ball 2-1: Swinging Strike 2-2: Ball 3-2: Strikes out swinging
|
Bottom of the 2nd over - 0 runs, 0 hits, 0 errors, 2 left on base; Los Angeles 0 - San Diego 6 |
TOP OF THE 3RD |
Los Angeles Dodgers batting - Pitching for San Diego Padres : LHP Matt Wheeler
|
Batting: RHB Tim Nettles
|
0-0: Called Strike 0-1: Called Strike 0-2: Ball 1-2: Ground out 5-3 (Groundball, 56, EV 87.5 MPH)
|
Batting: RHB Wing-kit Bu
|
0-0: Called Strike 0-1: Swinging Strike 0-2: Ball 1-2: Foul Ball, location: 2F 1-2: Strikes out swinging
|
Batting: RHB Edwin Soto
|
0-0: Ball 1-0: Called Strike 1-1: Swinging Strike 1-2: Foul Ball, location: 2F 1-2: Foul Ball, location: 2F 1-2: Strikes out swinging
|
Top of the 3rd over - 0 runs, 0 hits, 0 errors, 0 left on base; Los Angeles 0 - San Diego 6 |
BOTTOM OF THE 3RD |
San Diego Padres batting - Pitching for Los Angeles Dodgers : RHP Nate Allen
|
Batting: RHB Dietmar Warmisch
|
0-0: Called Strike 0-1: Fly out, F7 (Flyball, 7S, EV 86.2 MPH)
|
Batting: LHB Aaron LeBlanc
|
0-0: Ball 1-0: Foul Ball, location: 2F 1-1: Ball 2-1: Ball 3-1: Base on Balls
|
Batting: RHB Chiel Palstermans
|
0-0: Ball 1-0: Ball 2-0: Called Strike 2-1: Swinging Strike 2-2: Ball 3-2: Strikes out looking
|
Batting: SHB Phil Zacharia
|
0-0: Called Strike 0-1: Ball 1-1: Ball 2-1: Ball 3-1: 2-RUN HOME RUN (Line Drive, 7D, EV 95.6 MPH), Distance : 363 ft
|
Batting: LHB Ryan Flynn Jr.
|
0-0: Ball 1-0: Foul Ball, location: 2F 1-1: Ball 2-1: Fly out, F5 (Line Drive, 56, EV 71.9 MPH)
|
Bottom of the 3rd over - 2 runs, 1 hit, 0 errors, 0 left on base; Los Angeles 0 - San Diego 8 |
TOP OF THE 4TH |
Los Angeles Dodgers batting - Pitching for San Diego Padres : LHP Matt Wheeler
|
Batting: SHB Shane Marcum
|
0-0: Swinging Strike 0-1: Called Strike 0-2: Strikes out swinging
|
Batting: SHB Joel Baker
|
0-0: Called Strike 0-1: Called Strike 0-2: Strikes out swinging
|
Batting: RHB Danny Dyer
|
0-0: Called Strike 0-1: Ball 1-1: Ball 2-1: DOUBLE (Line Drive, 5D, EV 103.1 MPH)
|
Batting: RHB Adriaan Boessenkool
|
0-0: Ball 1-0: Ball 2-0: Ball 3-0: Base on Balls
|
Batting: RHB Ben Mischnick
|
0-0: Called Strike 0-1: Called Strike 0-2: Strikes out swinging
|
Top of the 4th over - 0 runs, 1 hit, 0 errors, 2 left on base; Los Angeles 0 - San Diego 8 |
BOTTOM OF THE 4TH |
San Diego Padres batting - Pitching for Los Angeles Dodgers : RHP Nate Allen
|
Batting: RHB Sébastien Piat
|
0-0: Ball 1-0: Foul Ball, location: 2F 1-1: Ball 2-1: Ball 3-1: Base on Balls
|
Pitching: LHP Sam Zegarelli
|
|
Batting: LHB Mike Holt
|
0-0: Ball 1-0: Foul Ball, location: 2F 1-1: DOUBLE (Flyball, 8RD, EV 86.9 MPH) Sébastien Piat to third
|
Batting: RHB Jorge Severiano
|
0-0: Called Strike 0-1: Fly out, F4 (Popup, 4S, EV 61.9 MPH)
|
Batting: RHB Manny Vergara
|
0-0: Called Strike 0-1: Fly out, F8 (Flyball, 89M, EV 91.9 MPH) Runner from 3rd tags up, SCORES, throw by CF
|
Batting: RHB Dietmar Warmisch
|
0-0: Called Strike 0-1: Fly out, F7 (Line Drive, 7S, EV 100.6 MPH)
|
Bottom of the 4th over - 1 run, 1 hit, 0 errors, 1 left on base; Los Angeles 0 - San Diego 9 |
TOP OF THE 5TH |
Los Angeles Dodgers batting - Pitching for San Diego Padres : LHP Matt Wheeler
|
Batting: LHB R.J. O'Brien
|
0-0: Foul Ball, location: 2F 0-1: Ball 1-1: Ball 2-1: Foul Ball, location: 2F 2-2: Foul Ball, location: 2F 2-2: Fly out, F9 (Line Drive, 89D, EV 91.2 MPH)
|
Now in LF: Quido van Erp
|
|
Now in RF: Jorge Severiano
|
|
Batting: RHB Tim Nettles
|
0-0: Called Strike 0-1: Swinging Strike 0-2: Strikes out looking
|
Batting: RHB Wing-kit Bu
|
0-0: Ground out 4-3 (Groundball, 4, EV 83.1 MPH)
|
Top of the 5th over - 0 runs, 0 hits, 0 errors, 0 left on base; Los Angeles 0 - San Diego 9 |
BOTTOM OF THE 5TH |
San Diego Padres batting - Pitching for Los Angeles Dodgers : LHP Sam Zegarelli
|
Batting: LHB Aaron LeBlanc
|
0-0: Foul Ball, location: 2F 0-1: Ground out 3-1 (Groundball, 34S, EV 92.5 MPH)
|
Batting: RHB Chiel Palstermans
|
0-0: Fly out, F8 (Flyball, 78M, EV 82.5 MPH)
|
Batting: SHB Phil Zacharia
|
0-0: Ball 1-0: Swinging Strike 1-1: Called Strike 1-2: Ball 2-2: Foul Ball, location: 2F 2-2: Strikes out swinging
|
Bottom of the 5th over - 0 runs, 0 hits, 0 errors, 0 left on base; Los Angeles 0 - San Diego 9 |
TOP OF THE 6TH |
Los Angeles Dodgers batting - Pitching for San Diego Padres : LHP Matt Wheeler
|
Batting: RHB Edwin Soto
|
0-0: Ball 1-0: Ball 2-0: Ball 3-0: Base on Balls
|
Batting: SHB Shane Marcum
|
0-0: Ball 1-0: Ball 2-0: Ball 3-0: Called Strike 3-1: Called Strike 3-2: Strikes out swinging
|
Batting: SHB Joel Baker
|
0-0: Ball Edwin Soto is caught stealing 2nd base 2-4 1-0: Ball 2-0: Ball 3-0: Called Strike 3-1: SINGLE (Flyball, 4MD, EV 88.1 MPH)
|
Batting: RHB Danny Dyer
|
0-0: Ball 1-0: Swinging Strike 1-1: Fly out, F8 (Flyball, 8RXD, EV 100.6 MPH)
|
Top of the 6th over - 0 runs, 1 hit, 0 errors, 1 left on base; Los Angeles 0 - San Diego 9 |
BOTTOM OF THE 6TH |
San Diego Padres batting - Pitching for Los Angeles Dodgers : LHP Sam Zegarelli
|
Batting: LHB Ryan Flynn Jr.
|
0-0: Fly out, F7 (Flyball, 78M, EV 96.2 MPH)
|
Batting: RHB Sébastien Piat
|
0-0: Ground out 1-3 (Groundball, 15S, EV 73.8 MPH)
|
Batting: SHB Quido van Erp
|
0-0: Foul Ball, location: 2F 0-1: Called Strike 0-2: Ball 1-2: Foul Ball, location: 2F 1-2: Ball 2-2: Ball 3-2: Foul Ball, location: 2F 3-2: DOUBLE (Flyball, 8LXD, EV 90.0 MPH)
|
Batting: RHB Jorge Severiano
|
0-0: Ball 1-0: Called Strike 1-1: SINGLE (Groundball, 23, EV 72.5 MPH) (infield hit) Quido van Erp to third
|
Batting: RHB Manny Vergara
|
0-0: Ball 1-0: Called Strike 1-1: Foul Ball, location: 2F 1-2: Ball 2-2: Ball 3-2: SINGLE (Groundball, 6MD, EV 102.5 MPH) Quido van Erp scores Jorge Severiano to second Jorge Severiano to third
|
Pitching: RHP Justin Scheithauer
|
|
Batting: RHB Dietmar Warmisch
|
0-0: Ball 1-0: Ball Wild Pitch! Jorge Severiano scores Manny Vergara to second 2-0: Foul Ball, location: 2F 2-1: Ball 3-1: Called Strike 3-2: Strikes out swinging
|
Bottom of the 6th over - 2 runs, 3 hits, 0 errors, 1 left on base; Los Angeles 0 - San Diego 11 |
TOP OF THE 7TH |
Los Angeles Dodgers batting - Pitching for San Diego Padres : LHP Matt Wheeler
|
Batting: RHB Adriaan Boessenkool
|
0-0: Called Strike 0-1: Ball 1-1: Swinging Strike 1-2: Ball 2-2: Strikes out swinging
|
Batting: RHB Ben Mischnick
|
0-0: Called Strike 0-1: Ball 1-1: Swinging Strike 1-2: Strikes out swinging
|
Batting: LHB R.J. O'Brien
|
0-0: Called Strike 0-1: SINGLE (Groundball, 34D, EV 97.5 MPH)
|
Batting: RHB Tim Nettles
|
0-0: Ball 1-0: Ball 2-0: Foul Ball, location: 2F 2-1: Ball 3-1: Foul Ball, location: 2F 3-2: Fly out, F9 (Flyball, 9, EV 75.6 MPH)
|
Top of the 7th over - 0 runs, 1 hit, 0 errors, 1 left on base; Los Angeles 0 - San Diego 11 |
BOTTOM OF THE 7TH |
San Diego Padres batting - Pitching for Los Angeles Dodgers : RHP Justin Scheithauer
|
Batting: LHB Aaron LeBlanc
|
0-0: Ball 1-0: Called Strike 1-1: SINGLE (Line Drive, 56, EV 97.5 MPH)
|
Batting: RHB Chiel Palstermans
|
0-0: Grounds into double play, 4-6-3 (Groundball, 4, EV 81.9 MPH)
|
Pinch Hitting: RHB Ryan Tatum
|
0-0: Called Strike 0-1: SINGLE (Groundball, 56D, EV 101.2 MPH)
|
Batting: LHB Ryan Flynn Jr.
|
0-0: DOUBLE (Flyball, 8RD, EV 91.9 MPH) Ryan Tatum to third Runner from 3rd tries for Home, SAFE, throw by CF to trailing runner, SAFE at third!
|
Batting: RHB Sébastien Piat
|
0-0: Called Strike 0-1: Swinging Strike 0-2: Strikes out swinging
|
Bottom of the 7th over - 1 run, 3 hits, 0 errors, 1 left on base; Los Angeles 0 - San Diego 12 |
TOP OF THE 8TH |
Los Angeles Dodgers batting - Pitching for San Diego Padres : LHP Matt Wheeler
|
Now at 1B: Jose Morrissey
|
|
Batting: RHB Wing-kit Bu
|
0-0: Ball 1-0: Ball 2-0: Foul Ball, location: 2F 2-1: Swinging Strike 2-2: Ball 3-2: Foul Ball, location: 2F 3-2: Base on Balls
|
Batting: RHB Edwin Soto
|
0-0: Ball Wild Pitch! Wing-kit Bu to second 1-0: Ground out 5-3 (Groundball, 56, EV 86.9 MPH)
|
Batting: SHB Shane Marcum
|
0-0: Ball 1-0: Foul Ball, location: 2F 1-1: Called Strike 1-2: DOUBLE (Flyball, 8RXD, EV 111.9 MPH) Wing-kit Bu scores
|
Batting: SHB Joel Baker
|
0-0: Swinging Strike 0-1: Foul Ball, location: 2F 0-2: Ball 1-2: Ball 2-2: Foul Ball, location: 2F 2-2: Strikes out swinging
|
Batting: RHB Danny Dyer
|
0-0: Ball 1-0: Ball 2-0: Called Strike 2-1: 2-RUN HOME RUN (Flyball, 78XD, EV 110.0 MPH), Distance : 422 ft
|
Batting: RHB Adriaan Boessenkool
|
0-0: Called Strike 0-1: Fly out, F8 (Line Drive, 78M, EV 109.4 MPH)
|
Top of the 8th over - 3 runs, 2 hits, 0 errors, 0 left on base; Los Angeles 3 - San Diego 12 |
BOTTOM OF THE 8TH |
San Diego Padres batting - Pitching for Los Angeles Dodgers : RHP Justin Scheithauer
|
Batting: SHB Quido van Erp
|
0-0: Called Strike 0-1: Swinging Strike 0-2: Ball 1-2: Strikes out swinging
|
Batting: RHB Jorge Severiano
|
0-0: Ball 1-0: Called Strike 1-1: Foul Ball, location: 2F 1-2: Strikes out swinging
|
Batting: RHB Manny Vergara
|
0-0: Ball 1-0: Ball 2-0: Called Strike 2-1: Called Strike 2-2: Foul Ball, location: 2F 2-2: Foul Ball, location: 2F 2-2: DOUBLE (Flyball, 89XD, EV 110.0 MPH)
|
Batting: RHB Dietmar Warmisch
|
0-0: Foul Ball, location: 2F 0-1: Ball 1-1: Ball 2-1: Foul Ball, location: 2F 2-2: Ball 3-2: SINGLE (Groundball, 34D, EV 103.1 MPH) Manny Vergara to third Runner from 3rd tries for Home, throw by RF and OUT! 9-2
|
Bottom of the 8th over - 0 runs, 2 hits, 0 errors, 1 left on base; Los Angeles 3 - San Diego 12 |
TOP OF THE 9TH |
Los Angeles Dodgers batting - Pitching for San Diego Padres : LHP Matt Wheeler
|
Pitching: RHP Bryan Hallman
|
|
Batting: RHB Ben Mischnick
|
0-0: Called Strike 0-1: Called Strike 0-2: Ball 1-2: Ball 2-2: Ball 3-2: Foul Ball, location: 2F 3-2: Base on Balls
|
Batting: LHB R.J. O'Brien
|
0-0: Foul Ball, location: 2F 0-1: Swinging Strike 0-2: Ball 1-2: Ball 2-2: Strikes out swinging
|
Batting: RHB Tim Nettles
|
0-0: Ball 1-0: Ball 2-0: Ball 3-0: Grounds into double play, 4-6-3 (Groundball, 4MS, EV 92.5 MPH)
|
Top of the 9th over - 0 runs, 0 hits, 0 errors, 0 left on base; Los Angeles 3 - San Diego 12 |
|